 Dungeon Crawl Stone Soup version 0.30-a0-711-gf4ac18a38d (webtiles) character file.

Game seed: 3679374435814559447

1163 tsouns the Poker (level 8, -2/55 HPs)
             Began as an Octopode Fighter on Jan 23, 2023.
             Slain by an ogre
             ... wielding a +0 giant club
              (25 damage)
             ... on level 5 of the Dungeon.
             The game lasted 00:08:05 (3530 turns).

tsouns the Poker (Octopode Fighter)                 Turns: 3530, Time: 00:08:06

Health: -2/55      AC:  2    Str: 16    XL:     8   Next: 40%
Magic:  8/8        EV: 11    Int: 12    God:
Gold:   115        SH: 13    Dex: 11    Spells: 3/7 levels left

rFire   + . .      SeeInvis .    a - +0 trident
rCold   . . .      Faith    .    s - +0 tower shield
rNeg    . . .      Spirit   .    c - +1 hat
rPois   .          Reflect  .    (no amulet)
rElec   .          Harm     .    k - ring of protection from fire
rCorr   .          Rampage  .    (no ring)
Will    .....                    (no ring)
Stlth   ++                       (no ring)
HPRegen 0.29/turn                (no ring)
MPRegen 0.11/turn                (no ring)
                                 (no ring)
                                 (no ring)

@: no status effects
A: almost no armour, amphibious, 8 rings, camouflage 1, gelatinous body 1,
(nimble swimmer 1), tentacles
a: no special abilities


You were on level 5 of the Dungeon.
You visited 1 branch of the dungeon, and saw 5 of its levels.

You collected 115 gold pieces.

Inventory:

Hand Weapons
 a - a +0 trident (weapon)
Armour
 b - a +0 buckler
 c - a +1 hat (worn)
 s - a +0 tower shield (worn)
Jewellery
 k - a ring of protection from fire (left tentacle)
Wands
 h - a wand of flame (29)
Scrolls
 f - a scroll of fear
 l - a scroll of poison {unknown}
 n - 2 scrolls of vulnerability {unknown}
 p - a scroll of fog {unknown}
 q - a scroll of enchant armour {unknown}
 r - a scroll of noise {unknown}
 t - a scroll of enchant weapon {unknown}
 u - a scroll of silence {unknown}
Potions
 d - a potion of attraction
 e - 2 potions of haste
 g - a potion of degeneration
 i - 2 potions of flight
 j - a potion of lignification
 m - 2 potions of ambrosia


   Skills:
 + Level 5.2 Fighting
 * Level 6.4 Polearms
 + Level 5.2 Dodging
 + Level 5.2 Shields


You had 3 spell levels left.
You knew the following spells:

 Your Spells              Type           Power      Damage    Failure   Level
a - Apportation           Tloc           0%         N/A       98%         1
b - Summon Small Mammal   Summ           0%         N/A       98%         1
c - Blink                 Tloc           0%         N/A       99%         2

Your spell library contained the following spells:

 Spells                   Type           Power      Damage    Failure   Level
 Necrotise                Necr           0%         1d4       98%         1
 Lesser Beckoning         Tloc           0%         N/A       99%         2
 Momentum Strike          Conj/Tloc      0%         3d8       99%         2


Dungeon Overview and Level Annotations

Branches:
Dungeon (5/15)
 Temple: D:4-7

Altars:
Dithmenos
Kikubaaqudgha
Nemelex Xobeh
Xom

Shops:
D:2 [   D:3 (((=:   D:4 (

Annotations:
D:4 Edmund


Innate Abilities, Weirdness & Mutations

You cannot wear most types of armour.
You are amphibious.
You can wear up to eight rings at the same time.
Your skin changes colour to match your surroundings (Stealth+).
Your rubbery body absorbs attacks. (AC +1, EV +1)
((You are camouflaged when in or above water. (Stealth+)))
You have tentacles for arms and can constrict up to eight enemies at once.


Message History

You now have 115 gold pieces (gained 11).
Found 3 poisoned darts.
There is a stone staircase leading down here.
l - a scroll labelled BOREXU UNEWNO A jelly comes into view.
An ogre comes into view. It is wielding a +0 giant club.
Found 11 gold pieces and a scroll of identify.
Found two shimmering altars of Xom.
The jelly quivers.
You hit the jelly.
Your tentacles burn!
You squeeze the jelly.
The jelly is heavily wounded.
The ogre shouts!
The jelly hits you but does no damage.
You puncture the jelly!
Your tentacles burn!
Your squeeze misses the jelly.
The jelly is almost dead.
The jelly barely misses you. You block the jelly's attack.
You hit the jelly.
You kill the jelly!
Found three shimmering altars of Xom.
There is a fountain of clear blue water here.
The ogre attacks as you move away! The ogre barely misses you.
You hit the ogre but do no damage. You block the ogre's attack.
You hit the ogre.
The ogre is lightly wounded.
The ogre hits you with a +0 giant club!
You puncture the ogre!
The ogre is heavily wounded.
The ogre closely misses you.
You puncture the ogre!
The ogre is severely wounded.
You barely miss the ogre.
The ogre is severely wounded.
You block the ogre's attack.
You hit the ogre but do no damage.
The ogre is severely wounded.
The ogre hits you with a +0 giant club!
You hit the ogre.
The ogre is almost dead.
The ogre hits you with a +0 giant club!!
You die...

#._#.^.≈#.#
##?_#.~#≈#.#
⌠§~≈_.._⌠.# #~$.._§
#.######.
#~.~.~♣§#........
#.#..§##..### ### #
##~.##.....# ...
#...##O##....#.####.#
#.......@.....#......#
.....#####....###>.###
.... ###.## #..## ...
#.# #...## # ..
#.####.#..# #. .
#######......##.##..
#........######.#..#
#.(........†........
#........####..#.###


You could see an ogre.

Vanquished Creatures
  Grinder (D:3)
  Sigmund (D:3)
  Eustachio (D:4)
  Duvessa (D:4)
  Blork the orc (D:4)
  2 scorpions
  Dowan (D:4)
  A jelly (D:5)
  An orc priest (D:4)
  Crazy Yiuf (D:2)
  An iguana (D:3)
  Ijyb (D:3)
  Natasha (thrice) (D:3)
  5 adders
  3 worms (D:2)
  3 dart slugs
  11 orcs
  2 endoplasms
  4 giant cockroaches
  5 goblins
  2 hobgoblins
  6 quokkas
  5 ball pythons
  4 bats
  3 frilled lizards
  12 kobolds
  5 rats
86 creatures vanquished.

Notes
Turn   | Place    | Note
-------+----------+-------------------------------------------
     0 | D:1      | tsouns the Octopode Fighter began the quest for the Orb.
     0 | D:1      | Reached XP level 1. HP: 16/16 MP: 1/1
   223 | D:1      | Reached XP level 2. HP: 21/21 MP: 2/2
   966 | D:2      | Reached XP level 3. HP: 26/26 MP: 3/3
   989 | D:2      | Found a sparkling altar of Nemelex Xobeh.
  1166 | D:2      | Found Suyfal's Antique Armour Boutique.
  1442 | D:2      | Found a runed translucent door.
  1443 | D:2      | Noticed Crazy Yiuf
  1450 | D:2      | Killed Crazy Yiuf
  1451 | D:2      | Reached skill level 3 in Polearms
  1451 | D:2      | Reached XP level 4. HP: 6/31 MP: 4/4
  1667 | D:3      | Found Lidig's Book Boutique.
  1673 | D:3      | Noticed Grinder
  1694 | D:3      | Killed Grinder
  1695 | D:3      | Reached skill level 4 in Polearms
  1695 | D:3      | Reached XP level 5. HP: 37/37 MP: 5/5
  1695 | D:3      | Reached XP level 6. HP: 43/43 MP: 6/6
  1700 | D:3      | Found Eteydgh's Jewellery Shoppe.
  1735 | D:3      | Found an ancient bone altar of Kikubaaqudgha.
  1757 | D:3      | Found Amyothoa's Weapon Boutique.
  1765 | D:3      | Found Luqoul's Weapon Emporium.
  1767 | D:3      | Found Wunuoc's Antique Weapon Shop.
  1796 | D:3      | Noticed Ijyb
  1801 | D:3      | Killed Ijyb
  1885 | D:3      | Noticed Natasha
  1893 | D:3      | Killed Natasha
  2102 | D:3      | Noticed Natasha
  2111 | D:3      | Killed Natasha
  2147 | D:3      | Noticed Natasha
  2161 | D:3      | Killed Natasha
  2195 | D:3      | Noticed Sigmund
  2205 | D:3      | Killed Sigmund
  2206 | D:3      | Reached skill level 5 in Polearms
  2206 | D:3      | Reached XP level 7. HP: 40/49 MP: 7/7
  2639 | D:4      | Found Baoff's Weapon Shoppe.
  2672 | D:4      | Noticed Eustachio
  2677 | D:4      | Killed Eustachio
  2680 | D:4      | Noticed Blork the orc
  2689 | D:4      | Killed Blork the orc
  2690 | D:4      | Reached XP level 8. HP: 45/54 MP: 8/8
  2762 | D:4      | Noticed Duvessa
  2768 | D:4      | Noticed Dowan
  2773 | D:4      | Killed Duvessa
  2774 | D:4      | Reached skill level 5 in Fighting
  2774 | D:4      | Reached skill level 6 in Polearms
  2774 | D:4      | Reached skill level 5 in Dodging
  2774 | D:4      | Reached skill level 5 in Shields
  2777 | D:4      | Killed Dowan
  2840 | D:4      | Noticed Edmund
  2919 | D:4      | Found a shadowy altar of Dithmenos.
  2949 | D:4      | Learned a level 1 spell: Apportation
  2951 | D:4      | Learned a level 1 spell: Summon Small Mammal
  2954 | D:4      | Learned a level 2 spell: Blink
  3443 | D:5      | Entered Level 5 of the Dungeon
  3518 | D:5      | Found a shimmering altar of Xom.
  3518 | D:5      | Found a shimmering altar of Xom.
  3522 | D:5      | Found a shimmering altar of Xom.
  3522 | D:5      | Found a shimmering altar of Xom.
  3522 | D:5      | Found a shimmering altar of Xom.
  3530 | D:5      | Slain by an ogre

Illustrated notes

Levels and vault maps discovered:
D:1:      heliophobic_arrival_glass_houses, layout_loops_ring,
          minmay_split_cup_small
D:2:      layout_basic, basic_altar, serial_shops, nicolae_shop_trees,
          uniq_crazy_yiuf_cottage
D:3:      layout_basic, mainiacjoe_overflow_chevrons, serial_shops,
          nicolae_shop_bloodbath_and_beyond, nicolae_diamond_shop,
          nicolae_shop_advertising_works [nicolae_subvault_shop_adworks],
          nicolae_shop_temple_entry_statues_fountains, shop,
          lemuel_flame_loot_1, uniq_ijyb, uniq_sigmund, uniq_grinder,
          uniq_natasha
D:4:      layout_cave_pools, old_standard_altar, serial_shops,
          nicolae_shop_trees, uniq_edmund, uniq_duvessa, uniq_blork_the_orc,
          uniq_eustachio
D:5:      layout_rooms, kennysheep_okawaru_gauntlet, xom_redecorated,
          minmay_temple_entry_antechambers, uniq_pikel

Skill      XL: |  1  2  3  4  5  6  7  8 |
---------------+-------------------------+-----
Polearms       | 3 4 5 6 |  6.4
Fighting       | 4 5 |  5.2
Dodging        | 4 5 |  5.2
Shields        | 4 5 |  5.2

Action                     |  1- 3 |  4- 6 |  7- 9 || total
---------------------------+-------+-------+-------++-------
  Melee: Trident           |    59 |    48 |    83 ||   190
         Constrict         |    17 |    13 |    18 ||    48
         Tentacles         |    13 |     8 |    14 ||    35
         Punch             |       |     2 |     1 ||     3
  Evoke: Wand              |       |     9 |     5 ||    14
    Use: Potion            |     1 |       |     2 ||     3
         Scroll            |       |       |     8 ||     8
   Stab: Sleeping          |     4 |     2 |     4 ||    10
 Armour: Skin              |       |     3 |     4 ||     7
  Dodge: Dodged            |    13 |    15 |    24 ||    52
  Block: Buckler           |     4 |     9 |     1 ||    14
         Tower shield      |       |       |    46 ||    46

Table legend: (Time is in decaauts)
 A = Elapsed time spent in this place.
 B = Non-inter-level travel time spent in this place.
 C = Inter-level travel time spent in this place.
 D = Time resting spent in this place.
 E = Time spent auto-exploring this place.
 F = Levels seen in this place.
 G = Mean time per level.
                   A        B        C        D        E       F      G
               +--------+--------+--------+--------+--------+-----+--------+
         Total |   3581 |   3521 |     60 |      0 |   2839 |   5 |  716.2 |
       Dungeon |   3581 |   3521 |     60 |      0 |   2839 |   5 |  716.2 |
               +--------+--------+--------+--------+--------+-----+--------+

Top non-repeatable levels by time:
     D:3: 996 daAuts
     D:4: 904 daAuts
     D:1: 813 daAuts
     D:2: 775 daAuts
     D:5: 92 daAuts
